 Dungeon Crawl Stone Soup version 0.22-a0-348-gd16d139 (webtiles) character file.

305 xccam the Covert (level 6, -2/47 HPs)
             Began as a Gnoll Wanderer on Apr 8, 2018.
             Slain by Grinder (3 damage)
             ... on level 3 of the Dungeon.
             The game lasted 00:08:46 (3164 turns).

xccam the Covert (Gnoll Wanderer)                   Turns: 3164, Time: 00:08:47

Health: -2/47      AC: 12    Str: 17    XL:     6   Next: 39%
Magic:  8/8        EV: 11    Int: 14    God:
Gold:   167        SH:  0    Dex: 14    Spells: 8/8 levels left

rFire    . . .     SeeInvis .   q - +0 dagger (speed)
rCold    . . .     Gourm    .   (no shield)
rNeg     . . .     Faith    .   r - +0 scale mail
rPois    .         Spirit   .   p - +0 helmet
rElec    .         Reflect  .   c - +0 cloak
rCorr    .         Harm     .   a - +0 pair of gloves
MR       .....                  (no boots)
Stlth    ++........             (no amulet)
HPRegen  0.15/turn              (no ring)
MPRegen  0.11/turn              (no ring)

@: no status effects
A: distributed training, fangs 1, yellow scales 1, mutation resistance 1, strong
nose
a: no special abilities


You were on level 3 of the Dungeon.
You were not hungry.

You visited 1 branch of the dungeon, and saw 3 of its levels.

You collected 167 gold pieces.

Inventory:

Hand Weapons
 q - a +0 dagger of speed (weapon)
Armour
 a - a +0 pair of gloves (worn)
 c - a +0 cloak (worn)
 p - a +0 helmet (worn)
 r - a +0 scale mail (worn)
Scrolls
 g - 3 scrolls of identify {unknown}
 h - 2 scrolls of enchant weapon {unknown}
 i - 2 scrolls of enchant armour {unknown}
 n - a scroll of random uselessness {unknown}
Comestibles
 f - 4 rations


   Skills:
 + Level 3.2 Fighting
 + Level 4.9 Short Blades
 + Level 1.9 Long Blades
 + Level 3.2 Axes
 + Level 1.9 Maces & Flails
 + Level 1.9 Polearms
 + Level 1.9 Staves
 + Level 1.9 Slings
 + Level 1.9 Bows
 + Level 1.9 Crossbows
 + Level 1.9 Throwing
 + Level 3.2 Armour
 + Level 3.2 Dodging
 + Level 8.0 Stealth
 + Level 1.9 Shields
 + Level 1.9 Unarmed Combat
 + Level 1.9 Spellcasting
 + Level 1.5 Conjurations
 + Level 1.5 Hexes
 + Level 1.5 Charms
 + Level 1.5 Summonings
 + Level 1.5 Necromancy
 + Level 1.5 Translocations
 + Level 1.5 Transmutations
 + Level 1.5 Fire Magic
 + Level 1.5 Ice Magic
 + Level 1.5 Air Magic
 + Level 1.5 Earth Magic
 + Level 1.5 Poison Magic
 + Level 2.1 Invocations
 + Level 1.9 Evocations


You had 8 spell levels left.
You didn't know any spells.

Dungeon Overview and Level Annotations

Branches:
Dungeon (3/15)

Altars:

Annotations:
D:3 Grinder


Innate Abilities, Weirdness & Mutations

Your experience applies equally to all skills.
You have very sharp teeth.
Your uncanny sense of smell can sniff out nearby items.
You are partially covered in yellow scales. (AC +2)
You are somewhat resistant to further mutation.


Message History

You hit Grinder but do no damage.
Grinder is severely wounded.
You closely miss Grinder.
Grinder is severely wounded.
Grinder barely misses you.
You hit Grinder.
Grinder is severely wounded.
You hit Grinder.
Grinder is severely wounded.
Grinder gestures at you. Pain shoots through your body!
* * * LOW HITPOINT WARNING * * *
You hit Grinder.
Grinder is severely wounded.
You closely miss Grinder.
Grinder is severely wounded.
Grinder hits you.
* * * LOW HITPOINT WARNING * * *
You writhe in agony.
You die...

............##...................
##.####.###.##......(............
##.# #.# #..#...................
##.# #.####.#...................
##.####..........................
.........###.#...................
.........###.#...................
.........+......5................
.........###.#..@........†.......
.................................
.........##.#....................
......)..##.#....................
.........##.#....................
#.....#####.##...................
......#####.##...................
.........##........#.#####.######
.........###.#.##..#.# ###


You could see Grinder.

Vanquished Creatures
  The ghost of xccam the Fighter, an amateur GnWn of Cheibriados (D:3)
  Robin (D:2)
  5 adders
  An ooze (D:3)
  3 worms
  3 dart slugs
  4 leopard geckos
  2 ball pythons
  2 bats (D:2)
  A giant cockroach (D:2)
  13 goblins (D:2)
  6 hobgoblins
  4 jackals (D:1)
  3 frilled lizards
  12 kobolds
  6 rats
67 creatures vanquished.

Notes
Turn   | Place    | Note
-------+----------+-------------------------------------------
     0 | D:1      | xccam the Gnoll Wanderer began the quest for the Orb.
     0 | D:1      | xccam set off with: a +2 dagger, a potion of haste, a potion of lignification, a potion of curing, a +0 robe, a ration
     0 | D:1      | Reached XP level 1. HP: 17/17 MP: 1/1
    96 | D:1      | Reached XP level 2. HP: 12/23 MP: 2/2
  1047 | D:2      | Reached XP level 3. HP: 28/28 MP: 3/3
  1215 | D:2      | Reached skill level 1 in Invocations
  1327 | D:2      | Noticed Robin
  1346 | D:2      | Reached skill level 1 in Long Blades
  1346 | D:2      | Reached skill level 1 in Maces & Flails
  1346 | D:2      | Reached skill level 1 in Polearms
  1346 | D:2      | Reached skill level 1 in Staves
  1346 | D:2      | Reached skill level 1 in Slings
  1346 | D:2      | Reached skill level 1 in Bows
  1346 | D:2      | Reached skill level 1 in Crossbows
  1346 | D:2      | Reached skill level 1 in Throwing
  1346 | D:2      | Reached skill level 1 in Shields
  1346 | D:2      | Reached skill level 1 in Unarmed Combat
  1346 | D:2      | Reached skill level 1 in Spellcasting
  1346 | D:2      | Reached skill level 1 in Evocations
  1371 | D:2      | Killed Robin
  1371 | D:2      | Reached XP level 4. HP: 25/34 MP: 5/5
  1790 | D:2      | Reached skill level 1 in Conjurations
  1790 | D:2      | Reached skill level 1 in Hexes
  1790 | D:2      | Reached skill level 1 in Charms
  1790 | D:2      | Reached skill level 1 in Summonings
  1790 | D:2      | Reached skill level 1 in Necromancy
  1790 | D:2      | Reached skill level 1 in Translocations
  1790 | D:2      | Reached skill level 1 in Transmutations
  1790 | D:2      | Reached skill level 1 in Fire Magic
  1790 | D:2      | Reached skill level 1 in Ice Magic
  1790 | D:2      | Reached skill level 1 in Air Magic
  1790 | D:2      | Reached skill level 1 in Earth Magic
  1790 | D:2      | Reached skill level 1 in Poison Magic
  2163 | D:3      | Reached XP level 5. HP: 40/40 MP: 6/6
  2166 | D:3      | Noticed Grinder
  2582 | D:3      | Noticed xccam's ghost (amateur GnWn)
  2622 | D:3      | Gained mutation: You are partially covered in yellow scales. (AC +2) [potion of mutation]
  2622 | D:3      | Gained mutation: You are somewhat resistant to further mutation. [potion of mutation]
  2644 | D:3      | Killed xccam's ghost
  2644 | D:3      | Reached skill level 8 in Stealth
  2644 | D:3      | Reached XP level 6. HP: 20/47 MP: 8/8
  3114 | D:3      | Paralysed by Grinder for 7 turns
  3141 | D:3      | Paralysed by Grinder for 4 turns
  3149 | D:3      | Paralysed by Grinder for 3 turns
  3162 | D:3      | HP: 2/47 [Grinder/nerve-wracking pain (12)]
  3164 | D:3      | Slain by Grinder

Vault maps used:
D:1:      dpeg_arrival_rhombi
D:2:      uniq_robin
D:3:      uniq_grinder

Skill      XL: |  1  2  3  4  5 |
---------------+----------------+-----
Invocations    | 1 2 |  2.1
Long Blades    | 1 |  1.9
Maces & Flails | 1 |  1.9
Polearms       | 1 |  1.9
Staves         | 1 |  1.9
Slings         | 1 |  1.9
Bows           | 1 |  1.9
Crossbows      | 1 |  1.9
Throwing       | 1 |  1.9
Shields        | 1 |  1.9
Unarmed Combat | 1 |  1.9
Spellcasting   | 1 |  1.9
Evocations     | 1 |  1.9
Conjurations   | 1 |  1.5
Hexes          | 1 |  1.5
Charms         | 1 |  1.5
Summonings     | 1 |  1.5
Necromancy     | 1 |  1.5
Translocations | 1 |  1.5
Transmutations | 1 |  1.5
Fire Magic     | 1 |  1.5
Ice Magic      | 1 |  1.5
Air Magic      | 1 |  1.5
Earth Magic    | 1 |  1.5
Poison Magic   | 1 |  1.5
Fighting       | 3 |  3.2
Axes           | 3 |  3.2
Armour         | 3 |  3.2
Dodging        | 3 |  3.2
Stealth        | 8 |  8.0
Short Blades   | |  4.9

Action                   |  1- 3 |  4- 6 || total
-------------------------+-------+-------++-------
Melee: Dagger            |   131 |   253 ||   384
       Bite              |    10 |    29 ||    39
       Punch             |     1 |     3 ||     4
  Use: Potion            |     2 |    10 ||    12
 Stab: Sleeping          |     5 |    10 ||    15
       Invisible         |       |     2 ||     2
  Eat: Chunk             |     1 |     3 ||     4
       Ration            |       |     1 ||     1
Armor: Robe              |     8 |       ||     8
       Skin              |    15 |    13 ||    28
       Ring mail         |     9 |     8 ||    17
       Scale mail        |       |    38 ||    38
Dodge: Dodged            |    53 |    61 ||   114

Table legend:
 A = Spawn XP
 B = Non-spawn XP
 C = Spawn XP percentage of total XP
 D = Spawn monster count
 E = Non-spawn monster count
 F = Spawn count percentage of total count
 G = Total turns spent on level
                    A         B        C        D         E        F      G
               +---------+---------+-------+---------+---------+-------+---------
         Total |       0 |     437 |   0.0 |       0 |      67 |   0.0 |  3164
               +---------+---------+-------+---------+---------+-------+---------
           D:1 |       0 |      33 |   0.0 |       0 |      14 |   0.0 |  1043
           D:2 |       0 |     106 |   0.0 |       0 |      37 |   0.0 |  1211
           D:3 |       0 |     298 |   0.0 |       0 |      16 |   0.0 |   910
               +---------+---------+-------+---------+---------+-------+---------
